 Dungeon Crawl Stone Soup version 0.30-a0-250-g41c1d76940 (webtiles) character file.

Game seed: 1238068049829018170

18 ytrimaz the Magician (level 2, -1/21 HPs)
             Began as a Djinni Ice Elementalist on Oct 12, 2022.
             Killed from afar by a dart slug (3 damage)
             ... with a slug dart
             ... on level 1 of the Dungeon.
             The game lasted 00:00:46 (215 turns).

ytrimaz the Magician (Djinni Ice Elementalist)       Turns: 215, Time: 00:00:47

Health: -1/21      AC:  2    Str:  7    XL:     2   Next: 85%
Gold:   8          EV: 12    Int: 16    God:
                   SH:  0    Dex: 13

rFire   + + .      SeeInvis .    (no weapon)
rCold   x . .      Faith    .    (no shield)
rNeg    . . .      Spirit   .    a - +0 robe
rPois   ∞          Reflect  .    (no helmet)
rElec   .          Harm     .    (no cloak)
rCorr   .          Rampage  .    (no gloves)
Will    .....                    (boots unavailable)
Stlth   ++........               (no amulet)
HPRegen 0.23/turn                (no ring)
MPRegen 0.00/turn                (no ring)

@: flying
A: sickness immunity, fire resistance 2, cold vulnerability 1, float, innate
caster, HP casting, extra vitality 1
a: no special abilities


You were on level 1 of the Dungeon.
You visited 1 branch of the dungeon, and saw 1 of its levels.

You collected 8 gold pieces.


Innate Abilities, Weirdness & Mutations

You are immune to sickness and miasma.
You are immune to poison.
Your flesh is very heat resistant. (rF++)
You are vulnerable to cold. (rC-)
You float through the air rather than walking.
You learn spells naturally, not from books.
Your magical power is your life essence.
You have superior vitality. (+4 MHP)


   Skills:
 - Level 2.5 Dodging
 - Level 1.9 Stealth
 + Level 3.5 Spellcasting


You couldn't memorise any spells.
You knew the following spells:

 Your Spells              Type           Power      Damage    Failure   Level
a - Freeze                Ice            56%        1d7       4%          1
b - Frozen Ramparts       Ice            28%        1d5       12%         3
c - Ozocubu's Armour      Ice            14%        N/A       12%         3
d - Summon Ice Beast      Ice/Summ       14%        N/A       38%         4
Your spell library was empty.

Inventory:

Armour
 a - a +0 robe (worn)

Dungeon Overview and Level Annotations

Branches:
Dungeon (1/15) Zot: 5784

Altars:

#..#....# ##..#...#
#####.....#.#
#......##.#.#
#####.....:##.#.#
.......##.###.#†#
###.......#...#.######
.....#...##.###......#..
##.#.#.#.##.##..@†......
.......#.##.#....w.....#
............#..........#
.....................[.#
...#...#................
..####..................
#††##...................
....).####.#............
..#.###


You could see a dart slug.


Message History

* * * LOW HITPOINT WARNING * * *
😨 HP[-3]
You take 3 damage, and now have 10/21 hp.
Unknown command. 😮 HP[+1]
Casting: Freeze (safe; 4% risk of failure)
Confirm with . or Enter, or press ? or * to list all spells.
Aiming: Freeze (safe; 4% risk of failure)
Press: ? - help, Shift-Dir - straight line, f - jackal, p - jackal
Aim: a jackal You freeze the jackal!
You kill the jackal!
* * * LOW HITPOINT WARNING * * *
😨 HP[-1]
You take 1 damage, and now have 10/21 hp.
Casting: Freeze (safe; 4% risk of failure)
Confirm with . or Enter, or press ? or * to list all spells.
Aiming: Freeze (safe; 4% risk of failure)
Press: ? - help, Shift-Dir - straight line, f - jackal
Aim: a jackal You freeze the jackal.
You kill the jackal!
* * * LOW HITPOINT WARNING * * *
The jackal barely misses you. 😨 HP[-1]
You take 1 damage, and now have 9/21 hp.
Casting: Freeze (safe; 4% risk of failure)
Confirm with . or Enter, or press ? or * to list all spells.
Aiming: Freeze (safe; 4% risk of failure)
Press: ? - help, Shift-Dir - straight line, f - jackal
Aim: a jackal (almost dead)
You freeze the jackal!
You kill the jackal!
* * * LOW HITPOINT WARNING * * *
😨 HP[-1]
You take 1 damage, and now have 8/21 hp.
Unknown command.
A hobgoblin is nearby!
Unknown command.
A hobgoblin is nearby!
A hobgoblin is nearby!
Unknown command.
An endoplasm comes into view.
A dart slug comes into view.
Things that are here:
a jackal corpse; a jackal corpse; 😨 HP[+1]
Casting: Freeze (safe; 4% risk of failure)
Confirm with . or Enter, or press ? or * to list all spells.
Aiming: Freeze (safe; 4% risk of failure)
Press: ? - help, Shift-Dir - straight line, f - hobgoblin
Aim: a hobgoblin You freeze the hobgoblin.
The endoplasm quivers.
* * * LOW HITPOINT WARNING * * *
The dart slug launches a dart at you. The slug dart hits you.
* * * LOW HITPOINT WARNING * * *
The hobgoblin hits you but does no damage. 😱 HP[-5]
You take 5 damage, and now have 4/21 hp.
MASSIVE DAMAGE!! (PAUSE)
Casting: Freeze (safe; 4% risk of failure)
Confirm with . or Enter, or press ? or * to list all spells.
Aiming: Freeze (safe; 4% risk of failure)
Press: ? - help, Shift-Dir - straight line, f/p - hobgoblin
Aim: a hobgoblin (severely wounded)
You freeze the hobgoblin.
You kill the hobgoblin!
* * * LOW HITPOINT WARNING * * *
The dart slug briefly extends its eye-stalks.
Casting: Freeze (safe; 4% risk of failure)
Confirm with . or Enter, or press ? or * to list all spells.
Aiming: Freeze (safe; 4% risk of failure)
Press: ? - help, Shift-Dir - straight line, f - endoplasm
Aim: an endoplasm You freeze the endoplasm!
You kill the endoplasm!
* * * LOW HITPOINT WARNING * * *
😱 HP[-1]
You take 1 damage, and now have 3/21 hp.
You barely miss the dart slug. The dart slug barely misses you.
Casting: Freeze (safe; 4% risk of failure)
Confirm with . or Enter, or press ? or * to list all spells.
Aiming: Freeze (safe; 4% risk of failure)
Press: ? - help, Shift-Dir - straight line, f - dart slug
Aim: a dart slug You freeze the dart slug.
* * * LOW HITPOINT WARNING * * *
Unknown command.
Sorry, you're not good enough to have a special ability.
Unknown command.
Casting: Freeze (safe; 4% risk of failure)
Confirm with . or Enter, or press ? or * to list all spells.
Aiming: Freeze (safe; 4% risk of failure)
Press: ? - help, Shift-Dir - straight line, f/p - dart slug
Aim: a dart slug (moderately wounded)
You freeze the dart slug.
* * * LOW HITPOINT WARNING * * *
The dart slug launches a dart at you. The slug dart hits you.
You die...

Action                   || total
-------------------------++-------
Melee: Unarmed           ||     8
 Cast: Freeze            ||    22
Armor: Robe              ||     2
Dodge: Dodged            ||    17

Levels and vault maps discovered:
D:1:      doesnt_arrival_eight_statues, layout_rooms,
          nicolae_ecumenical_snake_handling

Notes
Turn   | Place    | Note
-------+----------+-------------------------------------------
     0 | D:1      | ytrimaz the Djinni Ice Elementalist began the quest for the
                  | Orb.
     0 | D:1      | ytrimaz set off with the following spells memorised:
                  | Freeze, Frozen Ramparts, Ozocubu's Armour, Summon Ice
                  | Beast.
     0 | D:1      | Reached XP level 1. HP: 15/15 MP: 0/0
     0 | D:1      | magus.rc [v1.9.6]
    55 | D:1      | Found a faded altar of an unknown god.
   102 | D:1      | Reached XP level 2. HP: 16/21 MP: 0/0
   209 | D:1      | HP: 4/21 [dart slug/slug dart (4)]
   215 | D:1      | Killed from afar by a dart slug

Vanquished Creatures
  A dart slug (D:1)
  An endoplasm (D:1)
  2 goblins (D:1)
  A hobgoblin (D:1)
  3 jackals (D:1)
  A quokka (D:1)
  3 ball pythons (D:1)
  A frilled lizard (D:1)
  A rat (D:1)
14 creatures vanquished.

Table legend:
 A = Non-vault XP
 B = Vault XP
 C = Vault XP percentage of total XP
 D = Non-vault monster count
 E = Vault monster count
 F = Vault count percentage of total count
                 A         B        C        D         E       F
            +---------+---------+-------+---------+---------+-------
      Total |      24 |       2 |   7.7 |      12 |       2 |  14.3
            +---------+---------+-------+---------+---------+-------
        D:1 |      24 |       2 |   7.7 |      12 |       2 |  14.3
            +---------+---------+-------+---------+---------+-------

Illustrated notes

Table legend:
 A = Kills in this place as a percentage of kills in entire the game.
 B = Kills by you in this place as a percentage of kills by you in the entire game.
 C = Kills by friends in this place as a percentage of kills by friends in the entire game.
 D = Other kills in this place as a percentage of other kills in the entire game.
 E = Experience gained in this place as a percentage of experience gained in the entire game.
 F = Experience gained in this place divided by the number of levels of this place that you have seen.
                   A       B       C       D       E      F
               +-------+-------+-------+-------+-------+----------------------
         Total | 100.0 | 100.0 |   N/A |   N/A | 100.0 |  26.0
       Dungeon | 100.0 | 100.0 |   N/A |   N/A | 100.0 |  26.0
               +-------+-------+-------+-------+-------+----------------------

Table legend: (Time is in decaauts)
 A = Elapsed time spent in this place.
 B = Non-inter-level travel time spent in this place.
 C = Inter-level travel time spent in this place.
 D = Time resting spent in this place.
 E = Time spent auto-exploring this place.
 F = Levels seen in this place.
 G = Mean time per level.
                   A        B        C        D        E       F      G
               +--------+--------+--------+--------+--------+-----+--------+
         Total |    215 |    215 |      0 |      4 |    149 |   1 |  215.0 |
       Dungeon |    215 |    215 |      0 |      4 |    149 |   1 |  215.0 |
               +--------+--------+--------+--------+--------+-----+--------+

Top non-repeatable levels by time:
     D:1: 215 daAuts
